 Dungeon Crawl Stone Soup version 0.32-a0-485-g70f7560b1c (console) character file.

Game seed: 13984332437226913552

204190 jejorda2 the Cleaver (level 18, -23/147 HPs)
             Began as a Gnoll Berserker on Feb 24, 2024.
             Was the Champion of Trog.
             Killed from afar by a merfolk aquamancer (27 damage)
             ... with a shard of ice
             ... on level 4 of the Shoals on Feb 26, 2024.
             The game lasted 02:38:13 (43748 turns).

jejorda2 the Cleaver (Gnoll Berserker)             Turns: 43748, Time: 02:38:15

Health: -23/147    AC: 38    Str: 28    XL:     18   Next: 64%
Magic:  34/34      EV:  9    Int: 12    God:    Trog [******]
Gold:   1137       SH: 11    Dex:  9    Spells: 42/42 levels left

rFire   . . .        b - +0 broad axe "Odeixt" {freeze, Int+3}
rCold   + . .        Y - +0 kite shield {reflect}
rNeg    . . .        K - +1 crystal plate armour {rC+}
rPois   +            X - +2 hat of Context {rPois rC- rCorr Str+2 Stlth+}
rElec   .            r - +2 cloak
rCorr   +            B - +2 pair of gloves {Str+3}
SInv    .            N - +4 pair of boots "Rouhedd" {Will+ Regen+}
Will    ++++.        H - amulet of faith Stlth
                     g - ring of flight
HPRegen 1.24/turn    x - ring of protection from cold
MPRegen 0.24/turn

%: reflection, faith
@: on berserk cooldown, flying, slowed, very slow
A: fangs 1, strong nose, distributed training, clumsy 1, strong-willed 2
}: 1/15 runes: gossamer
a: Renounce Religion, Berserk, Trog's Hand, Brothers in Arms


You were on level 4 of the Shoals.
You worshipped Trog.
Trog was exalted by your worship.
You visited 5 branches of the dungeon, and saw 30 of its levels.
You also visited: Gauntlet and Ice Cave.

You collected 3793 gold pieces.
You spent 2656 gold pieces at shops.

Inventory:

Hand Weapons
 a - a +2 heavy morningstar
 b - the +0 broad axe "Odeixt" (weapon) {freeze, Int+3}
   (You found it in a Gauntlet)

   Int+3:     It affects your intelligence (+3).
 w - the +7 long sword "Dearrup" {speed, Fly Int+5}
   (You found it on level 2 of the Dungeon)

   Int+5:     It affects your intelligence (+5).
   Fly:       It grants you flight.
Missiles
 d - a curare-tipped dart
 D - 17 poisoned darts
 E - 30 boomerangs (quivered)
 L - 5 silver javelins
 P - 12 javelins
 Q - 2 throwing nets
Armour
 r - a +2 cloak (worn)
 B - a +2 pair of gloves of strength (worn)
 K - a +1 crystal plate armour of cold resistance (worn)
 N - the +4 pair of boots "Rouhedd" (worn) {Will+ Regen+}
   (You found it in a Gauntlet)

   Will+:     It increases your willpower.
   Regen+:    It increases your rate of health regeneration.
 X - the +2 hat of Context (worn) {rPois rC- rCorr Str+2 Stlth+}
   (You found it in a Gauntlet)

   Str+2:     It affects your strength (+2).
   rC-:       It makes you vulnerable to cold.
   rPois:     It protects you from poison rCorr: It protects you from acid and
   corrosion.
   Stlth+:    It makes you more stealthy.
 Y - a +0 kite shield of reflection (worn)
Jewellery
 c - a ring of protection from fire
 g - a ring of flight (left hand)
 p - a ring of see invisible
 x - a ring of protection from cold (right hand)
 H - an amulet of faith (around neck)
Wands
 f - a wand of mindburst (6)
 l - a wand of roots (56)
 s - a wand of quicksilver (22)
 F - a wand of digging (9)
 G - a wand of paralysis (46)
 T - a wand of flame (10)
Scrolls
 h - a scroll of fear
 q - 5 scrolls of poison
 u - 2 scrolls of immolation
 y - 4 scrolls of teleportation
 z - 4 scrolls of blinking
 J - 2 scrolls of summoning
 O - a scroll of fog
Potions
 e - 6 potions of cancellation
 i - 5 potions of lignification
 j - 2 potions of attraction
 k - 4 potions of curing
 m - 7 potions of ambrosia
 n - 2 potions of resistance
 o - 2 potions of mutation
 t - 4 potions of enlightenment
 v - 2 potions of haste
 A - 6 potions of might
 C - a potion of heal wounds
 I - 2 potions of invisibility
Miscellaneous
 M - a phial of floods
 R - a tin of tremorstones (2/2)
 S - a lightning rod (4/4)


   Skills:
 + Level 14.4 Fighting
 + Level 12.9 Short Blades
 + Level 12.9 Long Blades
 + Level 14.4 Axes
 + Level 12.9 Maces & Flails
 + Level 12.9 Polearms
 + Level 12.9 Staves
 + Level 12.9 Ranged Weapons
 + Level 12.9 Throwing
 + Level 13.7 Armour
 + Level 13.7 Dodging
 + Level 12.9 Stealth
 + Level 12.9 Shields
 + Level 12.9 Unarmed Combat
 + Level 12.9 Spellcasting
 + Level 11.0 Conjurations
 + Level 11.0 Hexes
 + Level 11.0 Summonings
 + Level 11.0 Necromancy
 + Level 11.0 Translocations
 + Level 11.0 Fire Magic
 + Level 11.0 Ice Magic
 + Level 11.0 Air Magic
 + Level 11.0 Earth Magic
 + Level 11.0 Alchemy
 + Level 14.0 Invocations
 + Level 12.9 Evocations
 + Level 11.9 Shapeshifting


You had 42 spell levels left.
You didn't know any spells.
Your spell library was empty.

Dungeon Overview and Level Annotations

Branches:
Dungeon (15/15)            Temple (0/1) D:4            Lair (5/5) D:11
 Shoals (4/4) Lair:2       Spider (4/4) Lair:3        Slime (0/5) Lair:5
    Orc (2/2) D:11            Elf (0/3) Orc:2        Vaults (0/5) D:13
 Depths (0/4) D:15          IceCv (visited)         Gauntlet (visited)

Altars:
Ashenzari
Dithmenos
Elyvilon
Fedhas
Kikubaaqudgha
Makhleb
Nemelex Xobeh
Okawaru
Trog
Vehumet
Wu Jian
Xom
Yredelemnul
The Shining One
Beogh
Jiyva

Shops:
D:1 (!([[   D:6 :   D:8 *   D:9 [   Orc:2 [=!!(=:?:   Shoals:2 *   Shoals:4 =

Portals:
Hell: Lair:5

Annotations:
Shoals:4 1 runed translucent door, cforsyth's ghost, adept DjFE
Orc:1 2 transporters, Imyishutt's ghost, journeyman MiFi


Innate Abilities, Weirdness & Mutations

You have very sharp teeth.
Your uncanny sense of smell can sniff out nearby items.
Your experience applies equally to all skills.
You are clumsy. (Dex -2)
You are highly strong-willed. (Will++)


Message History

The ball of steam hits you but does no damage.
You block the merfolk siren's attack.
You block the alligator snapping turtle's attack.
The merfolk avatar chants a haunting song.
You resist with almost no effort.
You sock the alligator snapping turtle!
The alligator snapping turtle is heavily wounded.
You are engulfed in a cloud of scalding steam.
The water nymph touches you. The water nymph drowns you!
You block the merfolk siren's attack.
The merfolk aquamancer points at you and mumbles some strange words.
The shard of ice hits you! You partially resist.
* * * LOW HITPOINT WARNING * * *
The alligator snapping turtle bites you but does no damage.
You hit the alligator snapping turtle but do no damage.
The alligator snapping turtle is heavily wounded.
The water nymph casts a spell at you. The water rises up and strikes you!
* * * LOW HITPOINT WARNING * * *
You block the merfolk aquamancer's attack.
You block the merfolk siren's attack.
You feel clever.
The +0 broad axe "Odeixt" {freeze, Int+3} glows with a cold blue light!
b - the +0 broad axe "Odeixt" (weapon)
{freeze, Int+3} You are no longer berserk.
You are exhausted.
You feel yourself slow down.
You hit the alligator snapping turtle but do no damage.
The alligator snapping turtle is heavily wounded.
You slash the merfolk aquamancer! You freeze the merfolk aquamancer.
You closely miss the water nymph.
The water nymph is engulfed in a cloud of scalding steam.
The water nymph points at you and mumbles some strange words.
The water rises up and strikes you!!
* * * LOW HITPOINT WARNING * * *
You block the alligator snapping turtle's attack.
You block the merfolk siren's attack.
The merfolk aquamancer casts a spell at you.
The shard of ice hits you!! You partially resist.
You die...

~~~≈≈≈≈##
≈≈##....######.......
.~≈≈≈≈## ~~~~##..##
#...... ~~≈≈≈≈# ∆
≈≈~~~#.## .#.....
≈≈≈≈≈≈# #≈#!.#.# #.#....
≈≈≈≈≈≈# ≈##≈≈..#.#
..#..~~
≈≈≈≈≈≈#≈~≈≈≈≈~#.#.#
#~~.~
≈≈≈≈≈≈#≈~~#≈~~~.#§#
#~~~~ ≈≈≈≈≈≈
#~~~~#~~#t§# ∆ #~~~~
≈≈≈≈≈≈ #~~~~~#m@.##
#~~~~
≈≈≈≈≈≈≈≈######mm~..##
~~≈~
≈≈≈≈≈≈≈~~~~~~..~....# ~~
≈≈≈≈≈≈~~~~~~~...........
..
≈≈≈≈≈~~~~~~~....~~.m....
..
~≈≈≈≈~~~~~~~....~~~~....
.~
~~~~~~~P~~P~P...~~~~~~..
~~
~~~~≈~~~PP~~~##+##~~~~..
.~
~~~~≈≈~~P~~~~#~W~#~~....
.~


You could see an alligator snapping turtle, a merfolk avatar, a merfolk
aquamancer, a merfolk siren and a water nymph.

Vanquished Creatures
  Nikola (Shoals:1)
  Mlioglotl (Spider:1)
  A sphinx (D:15)
  A kraken (Shoals:3)
  Roxanne (Spider:2)
  A frost giant (IceCv)
  2 ghost moths (Spider:4)
  6 emperor scorpions
  A formless jellyfish (Shoals:4)
  2 broodmothers
  A dire elephant (Lair:5)
  A minotaur (Gauntlet)
  Nessos (D:12)
  A spark wasp (Spider:3)
  4 merfolk javelineers (Shoals:4)
  A yaktaur captain (D:13)
  2 merfolk impalers (Shoals:2)
  An entropy weaver (Spider:2)
  4 hydras
  An alligator snapping turtle (Shoals:4)
  3 ogre magi (Orc:2)
  Erolcha (D:9)
  A radroach (Spider:3)
  4 merfolk avatars
  7 centaur warriors
  5 two-headed ogres
  A jorogumo (Spider:4)
  3 merfolk aquamancers
  A satyr (Shoals:3)
  2 death knights
  A deep troll earth mage (D:15)
  3 boulder beetles
  6 demonic crawlers
  4 death yaks
  2 tengu warriors (D:13)
  2 occultists (D:14)
  7 sea snakes
  4 skysharks
  An arcanist (Lair:5)
  6 pharaoh ants
  9 orb spiders
  A death drake (Gauntlet)
  A lindwurm (Lair:3)
  3 sun moths
  9 harpies
  10 steelbarb worms
  Pikel (D:5)
  A wolf spider zombie (Gauntlet)
  2 deep elf pyromancers
  16 wolf spiders
  4 oklob plants
  6 cyclopes
  9 orc sorcerers (Orc:2)
  6 ugly things
  4 fauns
  4 moths of wrath
  5 merfolk sirens
  10 manticores
  6 black mambas
  A meliai (shapeshifter) (D:15)
  14 elephants
  A black mamba (shapeshifter) (D:12)
  6 torpor snails
  2 orange demons (Lair:5)
  5 water nymphs
  An ice statue (IceCv)
  3 large abominations (D:14)
  10 cane toads
  4 unseen horrors
  17 rime drakes
  2 gargoyles
  A kobold demonologist (D:10)
  2 yaktaurs (D:13)
  2 ice devils (Lair:5)
  7 komodo dragons
  6 hornets
  6 trolls
  14 merfolk
  11 polar bears
  A hellwing (Lair:5)
  21 tarantellas
  6 wind drakes
  Prince Ribbit (D:7)
  15 blink frogs
  5 snapping turtles
  6 dream sheep (Lair:4)
  34 jumping spiders
  A spectral meliai (Gauntlet)
  10 slime creatures
  7 shadows
  A culicivora (shapeshifter) (D:14)
  Sigmund (D:4)
  20 culicivoras
  The ghost of CougarLife the Digger, an amateur GrEE (D:3)
  4 wyverns
  A hog (shapeshifter) (D:15)
  14 water elementals
  2 vampires
  3 wraiths
  2 wargs
  78 yaks
  3 steam dragons
  5 basilisks
  41 redbacks
  10 vampire mosquitoes
  2 acid dragons
  15 water moccasins
  A water moccasin (shapeshifter) (D:13)
  2 hell hounds (Lair:5)
  2 black bears (Lair:1)
  19 orc warriors
  An ice beast (D:6)
  A laughing skull (D:15)
  A sky beast (D:6)
  A tengu (shapeshifter) (D:15)
  16 ogres
  25 wolves
  13 centaurs
  3 lemures (D:5)
  3 kobold brigands
  A weeping skull (D:4)
  20 bullfrogs
  4 scorpions
  2 gnoll sergeants (D:7)
  6 killer bees (D:9)
  4 howler monkeys
  3 electric eels
  2 bombardier beetles
  2 hounds
  2 jellies
  A spectral boggart (Gauntlet)
  2 gnoll boudas (D:8)
  18 orc priests
  3 iguanas
  2 sleepcaps
  41 orc wizards
  A statue (D:15)
  20 gnolls
  12 adders
  4 shadow imps (D:5)
  5 ufetubi
  3 dart slugs
  3 ribbon worms
  63 orcs
  4 ball pythons
  2 bats (D:2)
  7 endoplasms
  5 giant cockroaches
  5 goblins
  3 hobgoblins
  26 kobolds
  2 quokkas (D:2)
  3 training dummies (Orc:2)
  3 frilled lizards
  3 rats
  A spectral orc (D:4)
  4 tentacles (Shoals:3)
1010 creatures vanquished.

Vanquished Creatures (collateral kills)
  Ilsuiw (Shoals:4)
  A merfolk impaler (Shoals:4)
  A demonic crawler (Spider:2)
  A sixfirhy (Lair:5)
  An arcanist (D:14)
  3 elephants (Lair:2)
  A merfolk siren (Shoals:4)
  2 red devils (Lair:5)
  A wind drake (Shoals:1)
  3 tarantellas (Spider:2)
  2 merfolk (Shoals:1)
  3 dream sheep (Shoals:4)
  2 culicivoras (Spider:2)
  A jumping spider (Spider:2)
  A water elemental (Shoals:1)
  A redback (Spider:2)
  2 hell hounds (Lair:5)
27 creatures vanquished.

Vanquished Creatures (others)
  A ghost moth (Spider:4)
  A merfolk impaler (Shoals:1)
  An orc wizard (Orc:2)
3 creatures vanquished.

Grand Total: 1040 creatures vanquished

Notes
Turn   | Place    | Note
-------+----------+-------------------------------------------
     0 | D:1      | jejorda2 the Gnoll Berserker began the quest for the Orb.
     0 | D:1      | Reached XP level 1. HP: 23/23 MP: 1/1
    67 | D:1      | Found Rommaev's Armour Shop.
   124 | D:1      | Found Reetuerch's Antique Weapon Emporium.
   153 | D:1      | Reached XP level 2. HP: 26/29 MP: 2/2
   173 | D:1      | Found Kebru's Distillery.
   211 | D:1      | Found Rito's Weapon Emporium.
   379 | D:1      | Found Mafur's Antique Armour Shop.
   858 | D:1      | Reached XP level 3. HP: 35/35 MP: 3/3
  1067 | D:1      | Bought a potion of curing for 36 gold pieces
  1320 | D:2      | Reached skill level 1 in Invocations
  1320 | D:2      | Identified the +7 long sword "Dearrup" {speed, Fly Int+5}
  1477 | D:2      | Reached ** piety under Trog
  1504 | D:2      | Reached skill level 1 in Short Blades
  1504 | D:2      | Reached skill level 1 in Long Blades
  1504 | D:2      | Reached skill level 1 in Maces & Flails
  1504 | D:2      | Reached skill level 1 in Polearms
  1504 | D:2      | Reached skill level 1 in Staves
  1504 | D:2      | Reached skill level 1 in Ranged Weapons
  1504 | D:2      | Reached skill level 1 in Throwing
  1504 | D:2      | Reached skill level 1 in Stealth
  1504 | D:2      | Reached skill level 1 in Shields
  1504 | D:2      | Reached skill level 1 in Unarmed Combat
  1504 | D:2      | Reached skill level 1 in Spellcasting
  1504 | D:2      | Reached skill level 1 in Evocations
  1816 | D:3      | Reached skill level 1 in Shapeshifting
  1816 | D:3      | Reached XP level 4. HP: 36/41 MP: 5/5
  1984 | D:3      | Reached skill level 1 in Conjurations
  1984 | D:3      | Reached skill level 1 in Hexes
  1984 | D:3      | Reached skill level 1 in Summonings
  1984 | D:3      | Reached skill level 1 in Necromancy
  1984 | D:3      | Reached skill level 1 in Translocations
  1984 | D:3      | Reached skill level 1 in Fire Magic
  1984 | D:3      | Reached skill level 1 in Ice Magic
  1984 | D:3      | Reached skill level 1 in Air Magic
  1984 | D:3      | Reached skill level 1 in Earth Magic
  1984 | D:3      | Reached skill level 1 in Alchemy
  2038 | D:3      | Found a bloodstained altar of Trog.
  2049 | D:3      | Found a burning altar of Makhleb.
  2126 | D:3      | Found an ancient bone altar of Kikubaaqudgha.
  2229 | D:3      | Found a runed translucent door.
  2230 | D:3      | Noticed CougarLife's ghost (amateur GrEE)
  2446 | D:3      | Found an ornate altar of the Wu Jian Council.
  2453 | D:3      | Noticed a spectral centipede
  2453 | D:3      | Noticed a spectral black mamba
  2453 | D:3      | Noticed a spectral cane toad
  2567 | D:3      | Killed CougarLife's ghost
  2568 | D:3      | Reached XP level 5. HP: 47/47 MP: 5/7
  2568 | D:3      | Reached XP level 6. HP: 53/53 MP: 5/8
  2572 | D:3      | Reached skill level 5 in Armour
  2572 | D:3      | Reached skill level 5 in Dodging
  2941 | D:4      | Noticed Sigmund
  2949 | D:4      | Killed Sigmund
  2950 | D:4      | Reached XP level 7. HP: 60/60 MP: 10/10
  2963 | D:4      | Found a staircase to the Ecumenical Temple.
  3147 | D:4      | Found a basalt altar of Yredelemnul.
  3247 | D:4      | Found a white marble altar of Elyvilon.
  3267 | D:5      | Entered Level 5 of the Dungeon
  3509 | D:5      | Reached XP level 8. HP: 55/67 MP: 12/12
  3677 | D:5      | Noticed Pikel
  3690 | D:5      | Killed Pikel
  3948 | D:5      | Found a glowing golden altar of the Shining One.
  4137 | D:5      | Found a sparkling altar of Nemelex Xobeh.
  4386 | D:6      | Reached XP level 9. HP: 59/73 MP: 14/14
  4483 | D:6      | Reached *** piety under Trog
  4798 | D:6      | Found Voblamy's Book Boutique.
  4868 | D:6      | Found a broken altar of Ashenzari.
  5103 | D:6      | Reached skill level 5 in Invocations
  5379 | D:6      | Found a blossoming altar of Fedhas.
  6147 | D:7      | Noticed Prince Ribbit
  6174 | D:7      | Killed Prince Ribbit
  6175 | D:7      | Reached skill level 5 in Short Blades
  6175 | D:7      | Reached skill level 5 in Long Blades
  6175 | D:7      | Reached skill level 5 in Maces & Flails
  6175 | D:7      | Reached skill level 5 in Polearms
  6175 | D:7      | Reached skill level 5 in Staves
  6175 | D:7      | Reached skill level 5 in Ranged Weapons
  6175 | D:7      | Reached skill level 5 in Throwing
  6175 | D:7      | Reached skill level 5 in Stealth
  6175 | D:7      | Reached skill level 5 in Shields
  6175 | D:7      | Reached skill level 5 in Unarmed Combat
  6175 | D:7      | Reached skill level 5 in Spellcasting
  6175 | D:7      | Reached skill level 5 in Evocations
  6175 | D:7      | Reached XP level 10. HP: 38/81 MP: 17/17
  7067 | D:8      | Found Ceciuri's General Store.
  7117 | D:8      | Reached **** piety under Trog
  7221 | D:8      | Found an iron altar of Okawaru.
  7376 | D:8      | Reached skill level 5 in Shapeshifting
  7624 | D:8      | Found a shimmering altar of Xom.
  8420 | D:1      | Bought a pair of embroidered gloves for 150 gold pieces
  8587 | D:9      | Found Rimir's Antique Armour Emporium.
  8912 | D:9      | Noticed Erolcha
  8927 | D:9      | Killed Erolcha
  9080 | D:9      | Reached skill level 5 in Conjurations
  9080 | D:9      | Reached skill level 5 in Hexes
  9080 | D:9      | Reached skill level 5 in Summonings
  9080 | D:9      | Reached skill level 5 in Necromancy
  9080 | D:9      | Reached skill level 5 in Translocations
  9080 | D:9      | Reached skill level 5 in Fire Magic
  9080 | D:9      | Reached skill level 5 in Ice Magic
  9080 | D:9      | Reached skill level 5 in Air Magic
  9080 | D:9      | Reached skill level 5 in Earth Magic
  9080 | D:9      | Reached skill level 5 in Alchemy
  9115 | D:9      | Reached XP level 11. HP: 89/89 MP: 20/20
  9160 | D:9      | Noticed a deep elf pyromancer
  9178 | D:9      | Killed a deep elf pyromancer
  9256 | D:9      | Found a shadowy altar of Dithmenos.
  9674 | D:10     | Entered Level 10 of the Dungeon
  9678 | D:10     | Noticed a two-headed ogre
  9687 | D:10     | Killed a two-headed ogre
  9951 | D:10     | Noticed a two-headed ogre
  9963 | D:10     | Killed a two-headed ogre
 10281 | D:10     | HP: 2/133 [gargoyle/stone arrow (18)]
 10797 | D:10     | Noticed a two-headed ogre
 10803 | D:10     | Killed a two-headed ogre
 11030 | D:11     | Found a staircase to the Lair.
 11030 | D:11     | Noticed an oklob plant
 11035 | D:11     | Noticed an oklob plant
 11044 | D:11     | Killed an oklob plant
 11101 | D:11     | Killed an oklob plant
 11571 | D:11     | Found a bloodstained altar of Trog.
 11803 | D:11     | Reached XP level 12. HP: 65/97 MP: 22/22
 11980 | D:11     | Reached ***** piety under Trog
 12746 | D:11     | Found a staircase to the Orcish Mines.
 12823 | Lair:1   | Entered Level 1 of the Lair of Beasts
 12939 | Lair:1   | Reached skill level 10 in Fighting
 12939 | Lair:1   | Reached skill level 10 in Axes
 14044 | Lair:1   | Noticed a seven-headed hydra
 14052 | Lair:1   | Killed a seven-headed hydra
 14652 | Lair:2   | Noticed a skyshark
 14668 | Lair:2   | Killed a skyshark
 14669 | Lair:2   | Reached XP level 13. HP: 103/104 MP: 25/25
 15553 | Lair:2   | Found a staircase to the Shoals.
 16027 | Lair:3   | Found a hole to the Spider Nest.
 16059 | Lair:3   | Found a frozen archway.
 16083 | IceCv    | Entered an ice cave
 16631 | IceCv    | Reached skill level 10 in Armour
 16631 | IceCv    | Reached skill level 10 in Dodging
 16751 | IceCv    | Noticed a frost giant
 16780 | IceCv    | Killed a frost giant
 17509 | IceCv    | Reached XP level 14. HP: 113/113 MP: 27/27
 17587 | IceCv    | Reached skill level 10 in Invocations
 17900 | Lair:3   | Received a gift from Trog
 18566 | Lair:3   | Upgraded the game from 0.32-a0-468-g38b2580584 to
                  | 0.32-a0-473-gd044c6f0f0
 19851 | Lair:5   | Entered Level 5 of the Lair of Beasts
 21015 | Lair:5   | Received a gift from Trog
 21700 | Lair:5   | Found a viscous altar of Jiyva.
 21702 | Lair:5   | Found a staircase to the Slime Pits.
 21981 | Lair:5   | Noticed a dire elephant
 22001 | Lair:5   | Killed a dire elephant
 22002 | Lair:5   | Reached skill level 10 in Short Blades
 22002 | Lair:5   | Reached skill level 10 in Long Blades
 22002 | Lair:5   | Reached skill level 10 in Maces & Flails
 22002 | Lair:5   | Reached skill level 10 in Polearms
 22002 | Lair:5   | Reached skill level 10 in Staves
 22002 | Lair:5   | Reached skill level 10 in Ranged Weapons
 22002 | Lair:5   | Reached skill level 10 in Throwing
 22002 | Lair:5   | Reached skill level 10 in Stealth
 22002 | Lair:5   | Reached skill level 10 in Shields
 22002 | Lair:5   | Reached skill level 10 in Unarmed Combat
 22002 | Lair:5   | Reached skill level 10 in Spellcasting
 22002 | Lair:5   | Reached skill level 10 in Evocations
 22383 | Lair:5   | Reached XP level 15. HP: 108/120 MP: 29/29
 22717 | Lair:5   | Found a burning altar of Makhleb.
 22935 | Lair:5   | Found a gateway to Hell.
 23337 | D:1      | Bought a faintly glowing crystal plate armour for 1700 gold
                  | pieces
 23337 | D:1      | Identified the +2 crystal plate armour of Stoicism {Dex+3}
                  | (You bought it in a shop on level 1 of the Dungeon)
 23634 | Orc:1    | Entered Level 1 of the Orcish Mines
 23826 | Orc:1    | Found a transporter.
 23826 | Orc:1    | Noticed Imyishutt's ghost (journeyman MiFi)
 24156 | Orc:1    | Found a transporter.
 24517 | Orc:2    | Entered Level 2 of the Orcish Mines
 24598 | Orc:2    | Found Gathooni's Book Boutique.
 24624 | Orc:2    | Received a gift from Trog
 24806 | Orc:2    | Found Lets's Firing Range.
 24860 | Orc:2    | Found a staircase to the Elven Halls.
 24929 | Orc:2    | Found Vohohy's Jewellery Shoppe.
 25017 | Orc:2    | Found Leaxzell's Book Shop.
 25137 | Orc:2    | Found Niehig's Magic Scroll Shoppe.
 25247 | Orc:2    | Paralysed by an orc sorcerer for 4 turns
 25258 | Orc:2    | Gained mutation: You sometimes lose your temper in combat.
                  | [a neqoxec]
 25260 | Orc:2    | Gained mutation: You are weak. (Str -2) [a neqoxec]
 25659 | Orc:2    | Found Cifof's Distillery.
 25679 | Orc:2    | Found an ancient bone altar of Kikubaaqudgha.
 25872 | Orc:2    | Found a radiant altar of Vehumet.
 25932 | Orc:2    | Found a roughly hewn altar of Beogh.
 25932 | Orc:2    | Found Sekk's Antique Armour Shop.
 25960 | Orc:2    | Found Fodakis's Jewellery Boutique.
 25968 | Orc:2    | Found Juowiu's Distillery.
 26217 | D:8      | Bought a tin of tremorstones (2/2) for 560 gold pieces
 26499 | D:12     | Identified the +2 robe "Toosid" {rPois rC++}
 26797 | D:12     | Noticed Nessos
 26805 | D:12     | Killed Nessos
 26909 | D:12     | Lost mutation: You sometimes lose your temper in combat.
                  | [potion of mutation]
 26909 | D:12     | Lost mutation: You are weak. (Str -2) [potion of mutation]
 26909 | D:12     | Gained mutation: You sometimes lose your temper in combat.
                  | [potion of mutation]
 26909 | D:12     | Gained mutation: You passively map a small area around you.
                  | [potion of mutation]
 26909 | D:12     | Gained mutation: Your magical capacity is low. (-10% MP)
                  | [potion of mutation]
 27420 | D:13     | Found a broken altar of Ashenzari.
 27631 | D:13     | Lost mutation: You sometimes lose your temper in combat.
                  | [potion of mutation]
 27631 | D:13     | Lost mutation: You passively map a small area around you.
                  | [potion of mutation]
 27631 | D:13     | Lost mutation: Your magical capacity is low. (-10% MP)
                  | [potion of mutation]
 27631 | D:13     | Gained mutation: You are clumsy. (Dex -2) [potion of
                  | mutation]
 27631 | D:13     | Gained mutation: You are strong-willed. (Will+) [potion of
                  | mutation]
 27631 | D:13     | Gained mutation: You are highly strong-willed. (Will++)
                  | [potion of mutation]
 27820 | D:13     | Received a gift from Trog
 28093 | D:13     | You are sucked into a shaft and drop 1 floor!
 28217 | D:13     | Found a gate to the Vaults.
 29106 | D:14     | Found a shadowy altar of Dithmenos.
 29168 | D:14     | Reached skill level 10 in Shapeshifting
 29601 | D:14     | Reached XP level 16. HP: 109/129 MP: 30/30
 30389 | D:15     | Entered Level 15 of the Dungeon
 30411 | D:15     | Found a staircase to the Depths.
 30411 | D:15     | Noticed a sphinx
 30419 | D:15     | Killed a sphinx
 30533 | D:15     | Found a gate leading to a gauntlet.
 30547 | Gauntlet | Entered a Gauntlet
 30547 | Gauntlet | Found a transporter.
 30579 | Gauntlet | Found a large runed translucent door.
 30580 | Gauntlet | Found a large runed translucent door.
 30581 | Gauntlet | Found a large runed translucent door.
 30581 | Gauntlet | Found a large runed translucent door.
 30581 | Gauntlet | Found a runed translucent door.
 30582 | Gauntlet | Found a large runed translucent door.
 30583 | Gauntlet | Found a large runed translucent door.
 30584 | Gauntlet | Found a large runed translucent door.
 30584 | Gauntlet | Found a large runed translucent door.
 30585 | Gauntlet | Found a runed translucent gate.
 30585 | Gauntlet | Found a runed translucent gate.
 30587 | Gauntlet | Found a transporter.
 30595 | Gauntlet | Found a runed translucent gate.
 30595 | Gauntlet | Found a runed translucent door.
 30596 | Gauntlet | Found a large runed translucent door.
 30596 | Gauntlet | Found a large runed translucent door.
 30597 | Gauntlet | Found a large runed translucent door.
 30598 | Gauntlet | Found a large runed translucent door.
 30602 | Gauntlet | Found a transporter.
 30607 | Gauntlet | Found a transporter.
 30624 | Gauntlet | Found a transporter.
 30642 | Gauntlet | Found a transporter.
 30654 | Gauntlet | Found a transporter.
 30666 | Gauntlet | Found a transporter.
 30672 | Gauntlet | Found a transporter.
 30687 | Gauntlet | Found a transporter.
 30693 | Gauntlet | Found a transporter.
 30708 | Gauntlet | Found a transporter.
 30725 | Gauntlet | Found a transporter.
 30764 | Gauntlet | Found a transporter.
 30791 | Gauntlet | Found a transporter.
 30807 | Gauntlet | Found a large runed translucent door.
 30807 | Gauntlet | Found a large runed translucent door.
 30808 | Gauntlet | Found a large runed translucent door.
 30825 | Gauntlet | Found a transporter.
 30825 | Gauntlet | Found a large runed translucent door.
 30827 | Gauntlet | Found a transporter.
 30907 | Gauntlet | Found a transporter.
 31117 | Gauntlet | Identified the +0 pair of gloves "Zorhamnu" {Rampage Dex+3}
 31185 | Gauntlet | HP: 1/129 [poisoned by a death drake (dark miasma)]
 31385 | Gauntlet | Identified the +4 pair of boots "Rouhedd" {Will+ Regen+}
 31485 | Gauntlet | Identified the +0 broad axe "Odeixt" {freeze, Int+3}
 31485 | Gauntlet | Identified the +2 hat of Context {rPois rC- rCorr Str+2
                  | Stlth+}
 32273 | D:15     | Found a radiant altar of Vehumet.
 32660 | Spider:1 | Entered Level 1 of the Spider Nest
 33006 | Orc:2    | Bought a ring of see invisible for 210 gold pieces
 33006 | Orc:2    | Upgraded the game from 0.32-a0-473-gd044c6f0f0 to
                  | 0.32-a0-485-g70f7560b1c
 33613 | Spider:1 | Noticed Mlioglotl
 33618 | Spider:1 | Killed Mlioglotl
 34629 | Spider:2 | Noticed Roxanne
 35183 | Spider:2 | Reached XP level 17. HP: 106/137 MP: 32/32
 35614 | Spider:2 | Killed Roxanne
 35614 | Spider:2 | Received a gift from Trog
 35718 | Spider:2 | Reached skill level 10 in Conjurations
 35718 | Spider:2 | Reached skill level 10 in Hexes
 35718 | Spider:2 | Reached skill level 10 in Summonings
 35718 | Spider:2 | Reached skill level 10 in Necromancy
 35718 | Spider:2 | Reached skill level 10 in Translocations
 35718 | Spider:2 | Reached skill level 10 in Fire Magic
 35718 | Spider:2 | Reached skill level 10 in Ice Magic
 35718 | Spider:2 | Reached skill level 10 in Air Magic
 35718 | Spider:2 | Reached skill level 10 in Earth Magic
 35718 | Spider:2 | Reached skill level 10 in Alchemy
 36635 | Spider:4 | Entered Level 4 of the Spider Nest
 37726 | Spider:4 | Reached ****** piety under Trog
 37737 | Spider:4 | Received a gift from Trog
 38805 | Spider:4 | Got a gossamer rune of Zot
 39222 | Shoals:1 | Entered Level 1 of the Shoals
 39377 | Shoals:1 | Noticed Nikola
 39392 | Shoals:1 | Killed Nikola
 39508 | Shoals:1 | Reached XP level 18. HP: 80/146 MP: 34/34
 40582 | Shoals:2 | Found Xiwear's Assorted Antiques.
 41999 | Shoals:3 | Identified the +5 mace "Sirid" {heavy, rC+}
 42375 | Shoals:4 | Entered Level 4 of the Shoals
 42473 | Shoals:4 | Noticed Ilsuiw
 42568 | Shoals:4 | Killed Ilsuiw
 42715 | Shoals:4 | Found Kuanaid's Jewellery Shoppe.
 43558 | Shoals:4 | Identified the +4 lajatang of Dassuic {heavy, rC+ rN+}
                  | (Trog gifted it to you on level 4 of the Shoals)
 43558 | Shoals:4 | Received a gift from Trog
 43721 | Shoals:4 | Found a runed translucent door.
 43739 | Shoals:4 | Noticed cforsyth's ghost (adept DjFE)
 43748 | Shoals:4 | HP: 4/147 [water nymph/the raging water (29)]
 43748 | Shoals:4 | Killed from afar by a merfolk aquamancer

Illustrated notes

Levels and vault maps discovered:
D:1:      lightli_arrival_maybe_door_vault, layout_basic, serial_shops,
          nicolae_square_shop, shop, nicolae_shop_trees,
          nicolae_shop_waterfront, shop
D:2:      layout_loops_cross, hangedman_decor_opposing
D:3:      layout_loops_cross, lemuel_doored_altar,
          pdpol_wu_jian_five_deadly_venoms, amethyst_overflow_temple_binary,
          ebering_ghost_inner_flame
D:4:      layout_loops_ring, yredelemnul_forgotten_temple_becter,
          nicolae_elyvilon_temple_path, minmay_temple_entry_slanted,
          minmay_surrounded, uniq_sigmund
D:5:      kennysheep_steamy, layout_loops_ring, tso_oasis_becter,
          nemelex_spade_bored_becter, serial_demonic, serial_demonic_b,
          serial_demonic_d, serial_demonic_g, serial_demonic_e,
          serial_demonic_a, nicolae_concentric_dashed_squares_wild, uniq_pikel
D:6:      layout_cave_pools, mainiacjoe_overflow_alcove_2,
          amcnicky_altar_gilded, serial_shops, shop
D:7:      nicolae_whirlpool, layout_loops_corners, uniq_prince_ribbit1
D:8:      layout_loops_cross, mainiacjoe_overflow_small_starburst,
          old_standard_altar, serial_shops, nicolae_square_shop,
          nrook_pool_corridor
D:9:      layout_roguey, kennysheep_mini_moat, serial_shops,
          nicolae_shop_pleasant_corner_grove, minmay_chambers_of_fives,
          uniq_erolcha
D:10:     layout_basic
D:11:     layout_roguey, dpeg_oklobed_lair, david_orc_4,
          minmay_misc_feat_encased, trog_ov_bears_minmay
D:12:     layout_irregular_city, serial_column_ruins,
          column_ruins_corridor_corner, column_ruins_grid_4,
          column_ruins_open_tiny, column_ruins_grid_1, column_ruins_grid_1,
          column_ruins_open_small, uniq_nessos
D:13:     layout_stronghold, david_vaults_2, nicolae_ashenzari_panopticon
D:14:     dreamdust_experimentation, layout_gridville, grunt_dithmenos_smoke
D:15:     hellmonk_depths_entry_around_the_bend, layout_cave_pods,
          gauntlet_entry_generic, vehumet_statue
Lair:1:   layout_loops_ring, st_stairs_12, grunt_megastairs_1
Lair:2:   layout_roguey, minmay_shoals_entry_beasts
Lair:3:   layout_gridlike, spider_nest_entry_web_field, portal_ice_cave_rime
Lair:4:   layout_hall_layers
Lair:5:   evil_forest, layout_concentric_octagons,
          minmay_slime_entry_oklob_enclosed, serial_bayou_shore_a,
          serial_bayou_shore_b, grunt_megastairs_3
Shoals:1: layout_shoals, uniq_nikola
Shoals:2: layout_shoals, nicolae_take_the_stairs
Shoals:3: layout_shoals, nicolae_shoals_stone_sculpture_thing
Shoals:4: shoals_end_hangedman, layout_shoals, shoal_ilsuiw,
          ebering_ghost_reflecting_pool, serial_shops, shop
Spider:1: layout_spider_delve, uniq_mlioglotl
Spider:2: layout_cave_pods, nicolae_spider_some_kinda_spiderbox, uniq_roxanne
Spider:3: layout_spider_delve
Spider:4: spider_rune_water, nicolae_spider_checkerboard
Orc:1:    layout_caves, gammafunk_ghost_arena
Orc:2:    kennysheep_orc_mage_school, layout_caves, serial_shops, shop, shop,
          nicolae_shop_rolled_up, nicolae_shop_hallway_plus,
          nicolae_shop_firing_range

Skill      XL: |  1  2  3  4  5  6  7  8  9 10 11 12 13 14 15 16 17 18 |
---------------+-------------------------------------------------------+-----
Invocations    | 1 2 3 4 5 6 7 8 9 10 11 12 13 14 | 14.0
Short Blades   | 1 2 3 5 6 7 8 9 10 11 12 | 12.9
Long Blades    | 1 2 3 5 6 7 8 9 10 11 12 | 12.9
Maces & Flails | 1 2 3 5 6 7 8 9 10 11 12 | 12.9
Polearms       | 1 2 3 5 6 7 8 9 10 11 12 | 12.9
Staves         | 1 2 3 5 6 7 8 9 10 11 12 | 12.9
Ranged Weapons | 1 2 3 5 6 7 8 9 10 11 12 | 12.9
Throwing       | 1 2 3 5 6 7 8 9 10 11 12 | 12.9
Stealth        | 1 2 3 5 6 7 8 9 10 11 12 | 12.9
Shields        | 1 2 3 5 6 7 8 9 10 11 12 | 12.9
Unarmed Combat | 1 2 3 5 6 7 8 9 10 11 12 | 12.9
Spellcasting   | 1 2 3 5 6 7 8 9 10 11 12 | 12.9
Evocations     | 1 2 3 5 6 7 8 9 10 11 12 | 12.9
Shapeshifting  | 1 2 3 4 5 6 7 8 9 10 11 | 11.9
Conjurations   | 1 2 3 4 5 6 7 8 9 10 11 | 11.0
Hexes          | 1 2 3 4 5 6 7 8 9 10 11 | 11.0
Summonings     | 1 2 3 4 5 6 7 8 9 10 11 | 11.0
Necromancy     | 1 2 3 4 5 6 7 8 9 10 11 | 11.0
Translocations | 1 2 3 4 5 6 7 8 9 10 11 | 11.0
Fire Magic     | 1 2 3 4 5 6 7 8 9 10 11 | 11.0
Ice Magic      | 1 2 3 4 5 6 7 8 9 10 11 | 11.0
Air Magic      | 1 2 3 4 5 6 7 8 9 10 11 | 11.0
Earth Magic    | 1 2 3 4 5 6 7 8 9 10 11 | 11.0
Alchemy        | 1 2 3 4 5 6 7 8 9 10 11 | 11.0
Armour         | 5 6 7 8 9 10 11 12 13 | 13.7
Dodging        | 5 6 7 8 9 10 11 12 13 | 13.7
Fighting       | 7 8 9 10 11 12 13 14 | 14.4
Axes           | 7 8 9 10 11 12 13 14 | 14.4

Action                     |  1- 3 |  4- 6 |  7- 9 | 10-12 | 13-15 | 16-18 || total
---------------------------+-------+-------+-------+-------+-------+-------++-------
  Melee: Hand axe          |    73 |       |       |       |       |       ||    73
         Bite              |     9 |     6 |    28 |   103 |   270 |   165 ||   581
         Long sword        |    30 |    66 |   222 |   714 |  1370 |   138 ||  2540
         War axe           |    15 |       |    60 |    73 |    14 |       ||   162
         Dire flail        |       |       |       |     5 |     9 |     6 ||    20
         Battleaxe         |       |       |       |       |   310 |    47 ||   357
         Morningstar       |       |       |       |       |       |   882 ||   882
         Broad axe         |       |       |       |       |       |   320 ||   320
  Throw: Dart              |       |       |     5 |    62 |   137 |   125 ||   329
         Boomerang         |       |       |       |       |    97 |   166 ||   263
         Javelin           |       |       |       |       |       |    16 ||    16
 Invoke: Berserk           |       |     1 |     6 |    22 |    22 |    23 ||    74
         Trog's Hand       |       |     1 |     2 |     6 |    20 |    14 ||    43
         Brothers in Arms  |       |       |       |       |     3 |     4 ||     7
  Evoke: Wand              |       |       |       |       |     4 |     1 ||     5
         Phial of floods   |       |       |       |       |     1 |     2 ||     3
    Use: Scroll            |       |       |    13 |    10 |     8 |     6 ||    37
         Potion            |       |       |       |       |     3 |     7 ||    10
   Stab: Sleeping          |     1 |       |       |       |       |       ||     1
         Paralysed         |       |       |       |       |     2 |       ||     2
 Armour: Leather armour    |    20 |       |       |       |       |       ||    20
         Chain mail        |    44 |    26 |   179 |       |       |       ||   249
         Plate armour      |       |       |    72 |   589 |   225 |       ||   886
         Crystal plate arm |       |       |       |       |  1389 |  2233 ||  3622
  Dodge: Dodged            |    57 |    29 |   138 |   273 |   572 |   660 ||  1729
  Block: Kite shield       |       |       |       |       |       |  1106 ||  1106
         Reflection        |       |       |       |       |       |    29 ||    29

Table legend: (Time is in decaauts)
 A = Elapsed time spent in this place.
 B = Non-inter-level travel time spent in this place.
 C = Inter-level travel time spent in this place.
 D = Time resting spent in this place.
 E = Time spent auto-exploring this place.
 F = Levels seen in this place.
 G = Mean time per level.
                   A        B        C        D        E       F      G
               +--------+--------+--------+--------+--------+-----+--------+
         Total |  43900 |  39975 |   3925 |   6406 |  23971 |  32 | 1371.9 |
       Dungeon |  19269 |  16978 |   2291 |   2011 |  11881 |  15 | 1284.6 |
          Lair |   8859 |   8132 |    727 |   1374 |   5081 |   5 | 1771.8 |
        Shoals |   4684 |   4381 |    303 |    782 |   2054 |   4 | 1171.0 |
   Spider Nest |   6179 |   5728 |    451 |   1004 |   2770 |   4 | 1544.8 |
  Orcish Mines |   2304 |   2151 |    153 |    435 |   1152 |   2 | 1152.0 |
      Ice Cave |   1627 |   1627 |      0 |    705 |    496 |   1 | 1627.0 |
      Gauntlet |    976 |    976 |      0 |     92 |    536 |   1 |  976.0 |
               +--------+--------+--------+--------+--------+-----+--------+

Top non-repeatable levels by time:
    D:11: 2349 daAuts
  Lair:5: 2339 daAuts
Spider:2: 1887 daAuts
  Lair:2: 1857 daAuts
Spider:3: 1699 daAuts
   IceCv: 1627 daAuts
  Lair:4: 1620 daAuts
    D:10: 1594 daAuts
Spider:4: 1589 daAuts
    D:14: 1570 daAuts
  Lair:1: 1535 daAuts
  Lair:3: 1507 daAuts
     D:7: 1427 daAuts
   Orc:2: 1406 daAuts
    D:13: 1396 daAuts
